 Dungeon Sprint DCSS version 0.26.1-11-gd32895ea62 (webtiles) character file.

Game seed: 8879199475524756587

970 Hubris850 the Destroyer (level 8, -7/64 HPs)
             Began as a Gnoll Conjurer on Apr 13, 2021.
             Was a High Priest of Vehumet.
             Mangled by a phantasmal warrior (25 damage)
             ... while paralysed by a floating eye
             ... in the Dungeon (Sprint VII: "The Pits").
             The game lasted 00:11:09 (1379 turns).

Hubris850 the Destroyer (Gnoll Conjurer)            Turns: 1379, Time: 00:11:09

Health: -7/64      AC:  3    Str: 14    XL:     8   Next: 16%
Magic:  20/20      EV:  2    Int: 23    God:    Vehumet [*****.]
Gold:   0          SH:  0    Dex: 19    Spells: 16/23 levels left

rFire    . . .     SeeInvis .   s - +2 dire flail "Jekhuzon" {spect, Str+4}
rCold    . . .     Faith    .   (shield currently unavailable)
rNeg     . . .     Spirit   .   a - +0 robe
rPois    .         Reflect  .   (no helmet)
rElec    .         Harm     .   (no cloak)
rCorr    .         Rampage  .   r - +0 pair of gloves
Will     .....     NoTele   +   (no boots)
Stlth    ++++......             (no amulet)
HPRegen  0.20/turn              n - +3 ring of dexterity
MPRegen  0.17/turn              o - +3 ring of dexterity

@: paralysed, weak-willed
A: distributed training, fangs 1, strong nose
a: Renounce Religion


You were in the Dungeon.
You worshipped Vehumet.
Vehumet was extremely pleased with you.
You visited 1 branch

Inventory:

Hand Weapons
 b - a +2 quarterstaff
 m - a +1 quarterstaff of speed
 s - the +2 dire flail "Jekhuzon" (weapon) {spect, Str+4}
   (You found it in the Dungeon)

   It retains the spirit of the tree from which it was made.
   In the hands of one skilled in evocations this spirit is drawn out to fight
   along side the wielder.
   It affects your strength (+4).
 t - a +1 vorpal broad axe
Armour
 a - a +0 robe (worn)
 r - a +0 pair of gloves (worn)
Jewellery
 n - a +3 ring of dexterity (left hand)
 o - a +3 ring of dexterity (right hand)
Scrolls
 h - a scroll of blinking
 j - 3 scrolls of remove curse
 k - 5 scrolls of amnesia
 l - a scroll of summoning
Potions
 c - 8 potions of curing
 d - 10 potions of heal wounds
 e - a potion of haste
 f - 4 potions of magic
 g - 3 potions of berserk rage
 i - 2 potions of invisibility
 p - a potion of resistance
 q - a potion of might


   Skills:
 + Level 6.2 Fighting
 + Level 6.2 Short Blades
 + Level 6.2 Long Blades
 + Level 6.2 Axes
 + Level 6.2 Maces & Flails
 + Level 6.2 Polearms
 + Level 6.2 Staves
 + Level 6.2 Slings
 + Level 6.2 Bows
 + Level 6.2 Crossbows
 + Level 6.2 Throwing
 + Level 6.2 Armour
 + Level 7.8 Dodging
 + Level 7.6 Stealth
 + Level 6.2 Shields
 + Level 6.2 Unarmed Combat
 + Level 8.1 Spellcasting
 + Level 8.9 Conjurations
 + Level 5.1 Hexes
 + Level 5.1 Summonings
 + Level 5.1 Necromancy
 + Level 5.1 Translocations
 + Level 5.1 Transmutations
 + Level 5.1 Fire Magic
 + Level 5.1 Ice Magic
 + Level 5.1 Air Magic
 + Level 5.1 Earth Magic
 + Level 5.1 Poison Magic
 + Level 6.8 Invocations
 + Level 6.2 Evocations


You had 16 spell levels left.
You knew the following spells:

 Your Spells              Type           Power        Failure   Level
a - Magic Dart            Conj           100%         1%          1
b - Searing Ray           Conj           100%         1%          2
c - Iskenderun's Mystic   Conj/Tloc      41%          1%          4

Your spell library contained the following spells:

 Spells                   Type           Power        Failure   Level
 Static Discharge         Conj/Air       41%          1%          3
 Dazzling Flash           Conj/Hex       82%          1%          3
 Fulminant Prism          Conj/Hex       20%          1%          4


Dungeon Overview and Level Annotations

Branches:
Dungeon (1/1)

Altars:
Ashenzari
Cheibriados
Dithmenos
Elyvilon
Fedhas
Gozag
Hepliaklqana
Kikubaaqudgha
Makhleb
Nemelex Xobeh
Okawaru
Qazlal
Ru
Sif Muna
Trog
Uskayaw
Vehumet
Wu Jian
Xom
Yredelemnul
Zin
The Shining One
Beogh
Jiyva
Lugonu


Innate Abilities, Weirdness & Mutations

Your experience applies equally to all skills.
You have very sharp teeth.
Your uncanny sense of smell can sniff out nearby items.


Message History

You hit the phantasmal warrior.
The phantasmal warrior is heavily damaged.
Your spectral weapon barely misses the phantasmal warrior.
The phantasmal warrior hits you!
* * * LOW HITPOINT WARNING * * *
You feel much better.
The phantasmal warrior barely misses you.
You closely miss the phantasmal warrior.
The phantasmal warrior is heavily damaged.
Your spectral weapon barely misses the phantasmal warrior.
The phantasmal warrior completely misses you.
You hit the phantasmal warrior.
The phantasmal warrior is severely damaged.
Your spectral weapon hits the phantasmal warrior.
The floating eye gazes piercingly through you!
You suddenly lose the ability to move!
The phantasmal warrior hits you!!
* * * LOW HITPOINT WARNING * * *
The floating eye's stare focuses on you.
The phantasmal warrior hits you!!
You die...

)))'.##......#..#......#
####.##................+
......'................+
#)#####......#..#......#
...'.##................#
...#.#####'#####''######
####.##.......##''#
...#.##.......##..##
†.†'.##.......##@(.##
#######...<...###WG.##+##.
[))).##.......# ##........
[))..##.......# #..###+###
#######.......##§.##
..#..###########G.+
..#.############w.#
..#.#....#..[[###.Y
#.#'#....#.![.# ##.


You could see a phantasmal warrior, a floating eye (charged) and a friendly +2
dire flail "Jekhuzon" {spect, Str+4} (summoned).

Vanquished Creatures
  An orange demon (D)
  A flying skull (D)
  A small abomination (D)
  An ice beast (D)
  A bullfrog (D)
  A hound (D)
  An orc priest (D)
  A gnoll shaman (D)
  Jessica (D)
  A worker ant (D)
  6 gnolls (D)
  An adder (D)
  2 ufetubi (D)
  An ooze (D)
  A leopard gecko (D)
  2 orcs (D)
  A bat skeleton (D)
  A goblin (D)
  3 jackals (D)
  A giant cockroach zombie (D)
  A kobold (D)
  2 quokka zombies (D)
  A rat (D)
33 creatures vanquished.

Notes
Turn   | Place    | Note
-------+----------+-------------------------------------------
     0 | D        | Hubris850 the Gnoll Conjurer began the quest for the Orb.
     0 | D        | Reached XP level 1. HP: 13/13 MP: 6/6
    40 | D        | Found a bloodstained altar of Trog.
    40 | D        | Found a shimmering blue altar of Sif Muna.
    40 | D        | Found a viscous altar of Jiyva.
    40 | D        | Found a hazy altar of Hepliaklqana.
    40 | D        | Found an opulent altar of Gozag.
    41 | D        | Found a glowing golden altar of the Shining One.
    41 | D        | Found a glowing silver altar of Zin.
    41 | D        | Found a basalt altar of Yredelemnul.
    41 | D        | Found a shimmering altar of Xom.
    41 | D        | Found an ornate altar of the Wu Jian Council.
    41 | D        | Found a sacrificial altar of Ru.
    41 | D        | Found a stormy altar of Qazlal.
    41 | D        | Found an iron altar of Okawaru.
    41 | D        | Found a sparkling altar of Nemelex Xobeh.
    41 | D        | Found a burning altar of Makhleb.
    41 | D        | Found a blossoming altar of Fedhas.
    41 | D        | Found a white marble altar of Elyvilon.
    41 | D        | Found a shadowy altar of Dithmenos.
    41 | D        | Found a snail-covered altar of Cheibriados.
    43 | D        | Found a corrupted altar of Lugonu.
    43 | D        | Found a radiant altar of Vehumet.
    43 | D        | Found a roughly hewn altar of Beogh.
    44 | D        | Found an ancient bone altar of Kikubaaqudgha.
    44 | D        | Found a hide-covered altar of Uskayaw.
    44 | D        | Found a broken altar of Ashenzari.
    51 | D        | Became a worshipper of Vehumet
   137 | D        | Reached skill level 1 in Fighting
   137 | D        | Reached skill level 1 in Short Blades
   137 | D        | Reached skill level 1 in Long Blades
   137 | D        | Reached skill level 1 in Axes
   137 | D        | Reached skill level 1 in Maces & Flails
   137 | D        | Reached skill level 1 in Polearms
   137 | D        | Reached skill level 1 in Staves
   137 | D        | Reached skill level 1 in Slings
   137 | D        | Reached skill level 1 in Bows
   137 | D        | Reached skill level 1 in Crossbows
   137 | D        | Reached skill level 1 in Throwing
   137 | D        | Reached skill level 1 in Armour
   137 | D        | Reached skill level 1 in Shields
   137 | D        | Reached skill level 1 in Unarmed Combat
   137 | D        | Reached skill level 5 in Spellcasting
   137 | D        | Reached skill level 1 in Invocations
   137 | D        | Reached skill level 1 in Evocations
   137 | D        | Reached XP level 2. HP: 13/21 MP: 5/8
   144 | D        | Reached skill level 1 in Hexes
   144 | D        | Reached skill level 1 in Summonings
   144 | D        | Reached skill level 1 in Necromancy
   144 | D        | Reached skill level 1 in Translocations
   144 | D        | Reached skill level 1 in Transmutations
   144 | D        | Reached skill level 1 in Fire Magic
   144 | D        | Reached skill level 1 in Ice Magic
   144 | D        | Reached skill level 1 in Air Magic
   144 | D        | Reached skill level 1 in Earth Magic
   144 | D        | Reached skill level 1 in Poison Magic
   337 | D        | Learned a level 2 spell: Searing Ray
   338 | D        | Reached * piety under Vehumet
   338 | D        | Offered knowledge of Foxfire by Vehumet.
   341 | D        | Reached ** piety under Vehumet
   342 | D        | Reached XP level 3. HP: 27/27 MP: 2/9
   406 | D        | Reached skill level 5 in Dodging
   454 | D        | Reached *** piety under Vehumet
   455 | D        | Reached XP level 4. HP: 34/34 MP: 4/11
   558 | D        | Noticed a flying skull
   565 | D        | Noticed Jessica
   566 | D        | Offered knowledge of Sandblast by Vehumet.
   569 | D        | Killed Jessica
   570 | D        | Reached skill level 5 in Stealth
   577 | D        | Killed a flying skull
   578 | D        | Reached XP level 5. HP: 32/42 MP: 4/14
   578 | D        | Reached XP level 6. HP: 37/48 MP: 4/15
   583 | D        | Learned a level 4 spell: Iskenderun's Mystic Blast
   590 | D        | Reached **** piety under Vehumet
   697 | D        | Offered knowledge of Inner Flame by Vehumet.
   704 | D        | Reached ***** piety under Vehumet
   705 | D        | Reached skill level 5 in Invocations
   740 | D        | Noticed a small abomination
   748 | D        | Killed a small abomination
   749 | D        | Reached skill level 5 in Fighting
   749 | D        | Reached skill level 5 in Short Blades
   749 | D        | Reached skill level 5 in Long Blades
   749 | D        | Reached skill level 5 in Axes
   749 | D        | Reached skill level 5 in Maces & Flails
   749 | D        | Reached skill level 5 in Polearms
   749 | D        | Reached skill level 5 in Staves
   749 | D        | Reached skill level 5 in Slings
   749 | D        | Reached skill level 5 in Bows
   749 | D        | Reached skill level 5 in Crossbows
   749 | D        | Reached skill level 5 in Throwing
   749 | D        | Reached skill level 5 in Armour
   749 | D        | Reached skill level 5 in Shields
   749 | D        | Reached skill level 5 in Unarmed Combat
   749 | D        | Reached skill level 5 in Evocations
   749 | D        | Reached XP level 7. HP: 56/56 MP: 3/17
   847 | D        | Offered knowledge of Frozen Ramparts by Vehumet.
   968 | D        | Noticed an orange demon
   987 | D        | Killed an orange demon
   987 | D        | Offered knowledge of Static Discharge by Vehumet.
   988 | D        | Reached skill level 5 in Hexes
   988 | D        | Reached skill level 5 in Summonings
   988 | D        | Reached skill level 5 in Necromancy
   988 | D        | Reached skill level 5 in Translocations
   988 | D        | Reached skill level 5 in Transmutations
   988 | D        | Reached skill level 5 in Fire Magic
   988 | D        | Reached skill level 5 in Ice Magic
   988 | D        | Reached skill level 5 in Air Magic
   988 | D        | Reached skill level 5 in Earth Magic
   988 | D        | Reached skill level 5 in Poison Magic
   988 | D        | Reached XP level 8. HP: 15/64 MP: 11/20
  1278 | D        | Got the +2 dire flail "Jekhuzon" {spect, Str+4}
  1364 | D        | Noticed a phantasmal warrior
  1365 | D        | Noticed a yak
  1365 | D        | Noticed a yak
  1378 | D        | Paralysed by a floating eye for 4 turns
  1379 | D        | Mangled by a phantasmal warrior

Illustrated notes

Levels and vault maps discovered:
D:        pitsprint [storerooms_1, entrance_room_1, metal_vault_5, armoury_1,
          mini_pit_1, grid_room_1, main_hall_1, silver_pit, the_coven_1,
          the_vestibule_1, steel_vault_4, golden_pit, hallway_of_sentries,
          crystal_vault_3, iron_vault_1, final_vault]

Skill      XL: |  1  2  3  4  5  6  7 |
---------------+----------------------+-----
Fighting       | 1 2 4 5 6 |  6.2
Short Blades   | 1 2 4 5 6 |  6.2
Long Blades    | 1 2 4 5 6 |  6.2
Axes           | 1 2 4 5 6 |  6.2
Maces & Flails | 1 2 4 5 6 |  6.2
Polearms       | 1 2 4 5 6 |  6.2
Staves         | 1 2 4 5 6 |  6.2
Slings         | 1 2 4 5 6 |  6.2
Bows           | 1 2 4 5 6 |  6.2
Crossbows      | 1 2 4 5 6 |  6.2
Throwing       | 1 2 4 5 6 |  6.2
Armour         | 1 2 4 5 6 |  6.2
Shields        | 1 2 4 5 6 |  6.2
Unarmed Combat | 1 2 4 5 6 |  6.2
Spellcasting   | 5 6 7 8 |  8.1
Invocations    | 1 2 4 5 6 |  6.8
Evocations     | 1 2 4 5 6 |  6.2
Hexes          | 1 2 3 4 5 |  5.1
Summonings     | 1 2 3 4 5 |  5.1
Necromancy     | 1 2 3 4 5 |  5.1
Translocations | 1 2 3 4 5 |  5.1
Transmutations | 1 2 3 4 5 |  5.1
Fire Magic     | 1 2 3 4 5 |  5.1
Ice Magic      | 1 2 3 4 5 |  5.1
Air Magic      | 1 2 3 4 5 |  5.1
Earth Magic    | 1 2 3 4 5 |  5.1
Poison Magic   | 1 2 3 4 5 |  5.1
Dodging        | 5 6 7 |  7.8
Stealth        | 6 7 |  7.6
Conjurations   | 8 |  8.9

Action                   |  1- 3 |  4- 6 |  7- 9 || total
-------------------------+-------+-------+-------++-------
Melee: Unarmed           |     9 |       |       ||     9
       Quarterstaff      |       |    17 |    16 ||    33
       Bite              |       |     2 |     3 ||     5
       Dire flail        |       |       |     9 ||     9
 Cast: Magic Dart        |    10 |     6 |     6 ||    22
       Searing Ray       |     5 |     3 |     3 ||    11
       Iskenderun's Myst |       |     5 |     6 ||    11
  Use: Potion            |       |     1 |     1 ||     2
Armor: Robe              |       |       |     3 ||     3
Dodge: Dodged            |    12 |    16 |    13 ||    41
